 Dungeon Crawl Stone Soup version 0.27-a0-1181-g5f64966fcc (webtiles) character file.

Game seed: 7866941734815483269

837 robertstho the Magician (level 8, -3/50 HPs)
             Began as a Djinni Fire Elementalist on May 17, 2021.
             Slain by Grum
             ... wielding a +1 halberd
              (8 damage)
             ... on level 8 of the Dungeon.
             The game lasted 00:09:49 (7658 turns).

robertstho the Magician (Djinni Fire Elementalist)  Turns: 7658, Time: 00:09:49

Health: -3/50      AC:  4    Str:  7    XL:     8   Next: 19%
Gold:   87         EV: 13    Int: 19    God:
                   SH:  0    Dex: 14

rFire    + + +     SeeInvis .   w - staff of fire
rCold    x . .     Faith    .   (no shield)
rNeg     . . .     Spirit   .   a - +0 robe
rPois    ∞         Reflect  .   z - +0 helmet
rElec    .         Harm     .   (no cloak)
rCorr    .         Rampage  .   p - +0 pair of gloves
Will     .....                  (boots unavailable)
Stlth    ++........             (no amulet)
HPRegen  0.16/turn              (no ring)
MPRegen  0.00/turn              (no ring)

@: attractive, flying, very slightly contaminated
A: sickness immunity, fire resistance 2, cold vulnerability 1, float, innate
caster, hp casting, extra vitality 1
a: no special abilities


You were on level 8 of the Dungeon.
You visited 1 branch of the dungeon, and saw 8 of its levels.

You collected 152 gold pieces.
You spent 65 gold pieces at shops.

Inventory:

Hand Weapons
 d - a +0 dagger
 v - a +0 flail of protection
Armour
 a - a +0 robe (worn)
 p - a +0 pair of gloves (worn)
 z - a +0 helmet (worn)
Magical Staves
 w - a staff of fire (weapon)
Jewellery
 x - a ring of positive energy
Wands
 h - a wand of acid (4)
 n - a wand of paralysis (8)
 u - a wand of iceblast (19)
Scrolls
 l - 2 scrolls of amnesia
 q - a scroll of fog
 r - a scroll of enchant armour {unknown}
 y - a scroll of brand weapon
Potions
 e - a potion of lignification {unknown}
 f - a potion of cancellation {unknown}
 i - a potion of magic {unknown}
 j - a potion of curing {unknown}
 m - a potion of attraction
 o - a potion of haste {unknown}
 t - a potion of flight {unknown}
 A - a potion of degeneration {unknown}


   Skills:
 + Level 2.9 Dodging
 + Level 3.1 Stealth
 + Level 6.5 Spellcasting


You couldn't memorise any spells.
You knew the following spells:

 Your Spells              Type           Power      Damage    Failure   Level
a - Foxfire               Conj/Fire      100%       2x1d9     1%          1
b - Conjure Flame         Conj/Fire      46%        6-21      2%          3
c - Inner Flame           Hex/Fire       46%        N/A       2%          3
d - Sticky Flame          Conj/Fire      46%        2d6       7%          4
e - Fireball              Conj/Fire      23%        3d11      21%         5
f - Pain                  Necr           100%       1d9       1%          1
g - Passwall              Tmut/Erth      25%        N/A       1%          2
h - Summon Guardian Gole  Hex/Summ       31%        N/A       2%          3
Your spell library was empty.

Dungeon Overview and Level Annotations

Branches:
Dungeon (9/15)
 Temple: D:4-7         Lair: D:8-11         Orc: D:9-12

Altars:
Ru

Shops:
D:2 ?

Annotations:
D:8 Grum


Innate Abilities, Weirdness & Mutations

You are immune to sickness and miasma.
You are immune to poison.
Your flesh is very heat resistant. (rF++)
You are vulnerable to cold. (rC-)
You float through the air rather than walking.
You learn spells naturally, not from books.
Your magical power is your life essence.
You have superior vitality. (+4 HP)


Message History

The wolf bites you but does no damage. The wolf is pulled toward you! x2
Casting: Foxfire (safe; 1% risk of failure)
Confirm with . or Enter, or press ? or * to list all spells.
Aiming: Sticky Flame (dangerous; 7% risk of failure)
Press: ? - help, Shift-Dir - straight line, f - wolf
Aim: a wolf (lightly wounded, ally target, 100% to hit)
You feel a surge of power!
The sticky flame hits the wolf.
The wolf is moderately wounded.
The wolf is covered in liquid flames!
The wolf burns!
The wolf bites you! The wolf closely misses you. The wolf misses you.
The wolf bites you. Grum is pulled toward you!
The wolf burns!
The wolf bites you. The wolf misses you. The wolf barely misses you.
Grum is pulled toward you!
Casting: Sticky Flame (dangerous; 7% risk of failure)
Confirm with . or Enter, or press ? or * to list all spells.
Aiming: Sticky Flame (dangerous; 7% risk of failure)
Press: ? - help, Shift-Dir - straight line, f - wolf, p - wolf
Aim: a wolf (100% to hit)
You feel a surge of power!
The sticky flame hits the wolf!
The wolf is moderately wounded.
The wolf is covered in liquid flames!
The wolf burns! x2
The wolf barely misses you. The wolf bites you.
The wolf bites you but does no damage. Grum misses you.
Casting: Sticky Flame (dangerous; 7% risk of failure)
Confirm with . or Enter, or press ? or * to list all spells.
Aiming: Sticky Flame (dangerous; 7% risk of failure)
Press: ? - help, Shift-Dir - straight line, f - wolf, p - wolf
Aim: a wolf (heavily wounded, 100% to hit)
You feel a surge of power!
You miscast Sticky Flame.
You are very lightly contaminated with residual magic.
You feel a strange surge of energy!
* * * LOW HITPOINT WARNING * * *
x2 The wolf burns!
You kill the wolf!
The wolf burns!
The wolf bites you!
* * * LOW HITPOINT WARNING * * *
The wolf closely misses you. The wolf bites you but does no damage.
The wolf misses you.
Grum hits you from afar with a +1 halberd!
You die...

########
#....h@#
+...8hh#
#....g.#
#......#
..........
#..........
#.........##
..........#
..........#


You could see Grum, 3 wolves and a friendly guardian golem (summoned).

Vanquished Creatures
  A necrophage (D:4)
  A wolf (D:8)
  A centaur (D:5)
  A scorpion (D:5)
  A water moccasin zombie (D:5)
  3 wights (D:8)
  An orc priest (D:4)
  A hound (D:4)
  A bullfrog skeleton (D:4)
  2 iguanas
  An orc wizard (D:4)
  A hound skeleton (D:4)
  6 gnolls
  7 adders
  A shadow imp (D:5)
  A white imp (D:5)
  An ufetubus (D:4)
  An adder skeleton (D:5)
  3 worms
  5 dart slugs
  6 orcs
  7 bats
  6 endoplasms
  4 giant cockroaches
  2 goblins
  8 hobgoblins
  4 jackals (D:1)
  4 kobolds
  4 quokkas
  3 ball pythons
  5 frilled lizards
  23 rats
116 creatures vanquished.

Vanquished Creatures (others)
  609 foxfires
609 creatures vanquished.

Grand Total: 725 creatures vanquished

Notes
Turn   | Place    | Note
-------+----------+-------------------------------------------
     0 | D:1      | robertstho the Djinni Fire Elementalist began the quest for
                  | the Orb.
     0 | D:1      | Reached XP level 1. HP: 15/15 MP: 0/0
     2 | D:1      | Noticed a demonspawn
     2 | D:1      | Noticed a demigod
     4 | D:1      | Noticed a centaur
     4 | D:1      | Noticed a draconian
     6 | D:1      | Noticed an ogre
     6 | D:1      | Noticed an elf
     8 | D:1      | Noticed a palentonga
    10 | D:1      | Noticed a tengu
    10 | D:1      | Noticed a vine stalker
    12 | D:1      | Noticed an octopode
    14 | D:1      | Noticed a human
    14 | D:1      | Noticed a merfolk
    16 | D:1      | Noticed a minotaur
    18 | D:1      | Noticed a formicid
    18 | D:1      | Noticed a dwarf
    20 | D:1      | Noticed a troll
    20 | D:1      | Noticed a naga
    23 | D:1      | Noticed a gargoyle
    23 | D:1      | Noticed a spriggan
    25 | D:1      | Noticed a barachi
    25 | D:1      | Noticed a felid
    27 | D:1      | Noticed a vampire
    27 | D:1      | Noticed a ghoul
   267 | D:1      | Reached XP level 2. HP: 14/21 MP: 0/0
  1029 | D:1      | Reached skill level 3 in Spellcasting
  1029 | D:1      | Reached XP level 3. HP: 22/25 MP: 0/0
  1029 | D:1      | Learned a level 1 spell: Pain
  2091 | D:2      | Found a faded altar of an unknown god.
  2232 | D:2      | Reached XP level 4. HP: 19/31 MP: 0/0
  2821 | D:2      | Found Vawoliv's Magic Scroll Emporium.
  3032 | D:2      | Bought a scroll of identify for 26 gold pieces
  3702 | D:3      | Reached XP level 5. HP: 28/35 MP: 0/0
  3702 | D:3      | Learned a level 2 spell: Passwall
  3929 | D:3      | Reached skill level 4 in Spellcasting
  4808 | D:2      | Bought a scroll of noise for 13 gold pieces
  4808 | D:2      | Bought a scroll of fog for 26 gold pieces
  5102 | D:4      | Reached XP level 6. HP: 29/40 MP: 0/0
  5656 | D:4      | Noticed a necrophage
  5663 | D:4      | Killed a necrophage
  5664 | D:4      | Reached skill level 5 in Spellcasting
  6055 | D:4      | Reached XP level 7. HP: 40/45 MP: 0/0
  6055 | D:4      | Learned a level 3 spell: Summon Guardian Golem
  6542 | D:5      | Entered Level 5 of the Dungeon
  6653 | D:5      | Found a sacrificial altar of Ru.
  6807 | D:5      | Reached skill level 6 in Spellcasting
  7198 | D:5      | Reached XP level 8. HP: 49/50 MP: 0/0
  7347 | D:6      | You are sucked into a shaft and drop 3 floors!
  7552 | D:8      | Noticed Grum
  7658 | D:8      | Slain by Grum

Illustrated notes

Levels and vault maps discovered:
D:1:      kb_arrival_jail, layout_loops_corners, minmay_misc_feat_chi
D:2:      layout_basic, shapermc_ecumenical_altar_flowoftime, serial_shops,
          shop, minmay_3d_cube
D:3:      layout_basic, minmay_misc_feat_room, nrook_mini_vaults,
          minmay_rat_hole
D:4:      layout_gridville
D:5:      layout_gridville, nicolae_ru_great_annihilating_truth
D:6:      layout_cave_pools, grunt_temple_overflow_diamond, temple_statues,
          serial_shops, nicolae_shop_stone, uniq_duvessa
D:8:      layout_basic, uniq_grum
D:9:      layout_rooms

Skill      XL: |  1  2  3  4  5  6  7 |
---------------+----------------------+-----
Spellcasting   | 3 4 5 6 |  6.5
Stealth        | 2 3 |  3.1
Dodging        | |  2.9

Action                   |  1- 3 |  4- 6 |  7- 9 || total
-------------------------+-------+-------+-------++-------
 Cast: Foxfire           |    81 |   178 |   104 ||   363
       Sticky Flame      |       |       |     4 ||     4
       Summon Guardian G |       |       |     2 ||     2
  Use: Scroll            |       |     1 |     5 ||     6
       Potion            |       |       |     2 ||     2
Armor: Robe              |     4 |       |     8 ||    12
Dodge: Dodged            |     9 |     7 |    28 ||    44

Table legend: (Time is in decaauts)
 A = Elapsed time spent in this place.
 B = Non-inter-level travel time spent in this place.
 C = Inter-level travel time spent in this place.
 D = Time resting spent in this place.
 E = Time spent auto-exploring this place.
 F = Levels seen in this place.
 G = Mean time per level.
                   A        B        C        D        E       F      G
               +--------+--------+--------+--------+--------+-----+--------+
         Total |   7657 |   7195 |    462 |    422 |   5967 |   8 |  957.1 |
       Dungeon |   7657 |   7195 |    462 |    422 |   5967 |   8 |  957.1 |
               +--------+--------+--------+--------+--------+-----+--------+

Top non-repeatable levels by time:
     D:2: 2006 daAuts
     D:1: 1584 daAuts
     D:4: 1516 daAuts
     D:3: 1435 daAuts
     D:5: 779 daAuts
     D:8: 294 daAuts
     D:6: 24 daAuts
     D:9: 15 daAuts
